MLB
WASHINGTON NATIONALS @ CHICAGO CUBS
08/13/2046
 
TOP OF THE 1ST
Washington Nationals batting - Pitching for Chicago Cubs : RHP Randy Budgell
Pitching: RHP Randy Budgell
Batting: RHB Dave Vargas 0-0: Called Strike
0-1: Ball
1-1: Ball
2-1: Swinging Strike
2-2: SINGLE (Groundball, 6MD, EV 107.5 MPH)
Batting: RHB Adam Burke 0-0: Ball
1-0: Called Strike
1-1: Ball
2-1: Ball
3-1: Grounds into double play, 4-6-3 (Groundball, 4M, EV 98.1 MPH)
Batting: LHB R.J. O'Brien 0-0: Swinging Strike
0-1: Ball
1-1: SINGLE (Groundball, 4MS, EV 64.4 MPH) (infield hit)
Batting: RHB John Sanders 0-0: Ball
1-0: Called Strike
1-1: Foul Ball, location: 2F
1-2: Fly out, F7 (Line Drive, 7S, EV 98.8 MPH)
Top of the 1st over - 0 runs, 2 hits, 0 errors, 1 left on base; Washington 0 - Chicago 0
BOTTOM OF THE 1ST
Chicago Cubs batting - Pitching for Washington Nationals : RHP Lionardo Rabelo
Pitching: RHP Lionardo Rabelo
Batting: RHB Yasuhide Kasahara 0-0: Foul Ball, location: 2F
0-1: Foul Ball, location: 2F
0-2: Ball
1-2: Strikes out swinging
Batting: RHB Kaeo Zirpoli 0-0: Foul Ball, location: 2F
0-1: SINGLE (Groundball, 6MD, EV 103.8 MPH)
Batting: RHB Efrain Vargas 0-0: Called Strike
0-1: Ball
1-1: DOUBLE (Line Drive, 9LM, EV 109.4 MPH)
Kaeo Zirpoli to third
Batting: RHB Josh Kalman 0-0: Ball
1-0: Called Strike
1-1: Foul Ball, location: 2F
1-2: TRIPLE (Line Drive, 89XD, EV 105.0 MPH)
Kaeo Zirpoli scores
Efrain Vargas scores
Batting: LHB Kevin Norton 0-0: Ball
1-0: Ball
2-0: Called Strike
2-1: SINGLE (Groundball, 34D, EV 101.9 MPH)
Josh Kalman scores
Batting: SHB Terry Tuckfard 0-0: Called Strike
0-1: Foul Ball, location: 2F
0-2: Ball
1-2: Foul Ball, location: 2F
1-2: Foul Ball, location: 2F
1-2: Grounds out, U3 (Groundball, 3L, EV 103.8 MPH)
Batting: RHB Elijah Campbell 0-0: Ground out 6-3 (Groundball, 6, EV 99.4 MPH)
Bottom of the 1st over - 3 runs, 4 hits, 0 errors, 1 left on base; Washington 0 - Chicago 3
TOP OF THE 2ND
Washington Nationals batting - Pitching for Chicago Cubs : RHP Randy Budgell
Batting: LHB Alexis Cantu 0-0: Called Strike
0-1: DOUBLE (Line Drive, 9LS, EV 106.9 MPH)
Batting: RHB Kanehisa Kubo 0-0: Called Strike
0-1: Ball
1-1: Ball
2-1: Ball
3-1: Called Strike
3-2: Foul Ball, location: 2F
3-2: Foul Ball, location: 2F
3-2: Base on Balls
Batting: RHB Nate Dickinson 0-0: Ball
1-0: DOUBLE (Flyball, 89XD, EV 98.1 MPH)
Alexis Cantu scores
Kanehisa Kubo to third
Batting: RHB Justin Bonner 0-0: Ball
1-0: Ball
2-0: Foul Ball, location: 2F
2-1: Ball
3-1: Swinging Strike
3-2: Base on Balls
Batting: RHB Danny Gerardo 0-0: SINGLE (Line Drive, 8LS, EV 113.1 MPH)
Kanehisa Kubo scores
Nate Dickinson to third
Justin Bonner to second
Batting: RHB Dave Vargas 0-0: Ball
1-0: Foul Ball, location: 2F
1-1: Ball
2-1: Fielders Choice at 2nd, 3-6 (Groundball, 34, EV 101.2 MPH)
Nate Dickinson scores
Justin Bonner to third
Batting: RHB Adam Burke 0-0: Called Strike
0-1: Ball
1-1: Swinging Strike
1-2: 3-RUN HOME RUN (Flyball, 78XD, EV 98.1 MPH), Distance : 379 ft
Batting: LHB R.J. O'Brien 0-0: Hit by Pitch
Pitching: RHP Yeong-kil Suck
Batting: RHB John Sanders 0-0: Ball
1-0: Ball
2-0: Called Strike
2-1: Swinging Strike
2-2: Ball
3-2: Strikes out swinging
Batting: LHB Alexis Cantu 0-0: Ball
1-0: Ball
R.J. O'Brien is caught stealing 2nd base 2-6
Top of the 2nd over - 6 runs, 4 hits, 0 errors, 0 left on base; Washington 6 - Chicago 3
BOTTOM OF THE 2ND
Chicago Cubs batting - Pitching for Washington Nationals : RHP Lionardo Rabelo
Batting: RHB Rich Thurman 0-0: Called Strike
0-1: Ball
1-1: Ball
2-1: Fly out, F9 (Line Drive, 9S, EV 108.8 MPH)
Batting: SHB Seung-ho Zhang 0-0: Called Strike
0-1: SINGLE (Groundball, 4D, EV 102.5 MPH)
Batting: RHB Yasuhide Kasahara 0-0: Swinging Strike
0-1: Ball
1-1: Ball
2-1: Called Strike
2-2: Ball
Wild Pitch!
Seung-ho Zhang to second
3-2: Foul Ball, location: 2F
3-2: Base on Balls
Batting: RHB Kaeo Zirpoli 0-0: Ball
1-0: Called Strike
Seung-ho Zhang steals 3rd base
Yasuhide Kasahara to second
1-1: SINGLE (Groundball, 5S, EV 70.6 MPH) (infield hit)
Seung-ho Zhang scores
Yasuhide Kasahara to third
Batting: RHB Efrain Vargas 0-0: Hit by Pitch
Kaeo Zirpoli to second
Batting: RHB Josh Kalman 0-0: Ball
1-0: Called Strike
1-1: Called Strike
1-2: Ball
2-2: Foul Ball, location: 2F
2-2: Ball
3-2: Base on Balls
Yasuhide Kasahara scores
Kaeo Zirpoli to third
Efrain Vargas to second
Batting: LHB Kevin Norton 0-0: Ball
1-0: Foul Ball, location: 2F
1-1: Ball
2-1: Foul Ball, location: 2F
2-2: Ball
3-2: DOUBLE (Groundball, 5D, EV 96.2 MPH)
Kaeo Zirpoli scores
Efrain Vargas scores
Josh Kalman to third
Pitching: LHP Jesus Gallegos
Batting: SHB Terry Tuckfard 0-0: Ball
1-0: Fly out, F9 (Flyball, 89S, EV 90.0 MPH)
Runner from 3rd tags up, OUT at HOME! 9-2
Bottom of the 2nd over - 4 runs, 3 hits, 0 errors, 1 left on base; Washington 6 - Chicago 7
TOP OF THE 3RD
Washington Nationals batting - Pitching for Chicago Cubs : RHP Yeong-kil Suck
Batting: LHB Alexis Cantu 0-0: Ball
1-0: Ball
2-0: Foul Ball, location: 2F
2-1: Called Strike
2-2: Ball
3-2: Foul Ball, location: 2F
3-2: SINGLE (Flyball, 8LS, EV 100.0 MPH)
Batting: RHB Kanehisa Kubo 0-0: Ball
1-0: Foul Ball, location: 2F
1-1: Called Strike
1-2: Ball
2-2: Grounds into double play, U4-3 (Groundball, 6M, EV 108.1 MPH)
Batting: RHB Nate Dickinson 0-0: Ground out 6-3 (Groundball, 6, EV 86.2 MPH)
Top of the 3rd over - 0 runs, 1 hit, 0 errors, 0 left on base; Washington 6 - Chicago 7
BOTTOM OF THE 3RD
Chicago Cubs batting - Pitching for Washington Nationals : LHP Jesus Gallegos
Batting: RHB Elijah Campbell 0-0: Called Strike
0-1: Called Strike
0-2: Strikes out swinging
Batting: RHB Rich Thurman 0-0: Ball
1-0: Ground out 6-3 (Groundball, 6, EV 82.5 MPH)
Batting: SHB Seung-ho Zhang 0-0: Called Strike
0-1: Ball
1-1: Ball
2-1: Fly out, F4 (Popup, 4M, EV 56.2 MPH)
Bottom of the 3rd over - 0 runs, 0 hits, 0 errors, 0 left on base; Washington 6 - Chicago 7
TOP OF THE 4TH
Washington Nationals batting - Pitching for Chicago Cubs : RHP Yeong-kil Suck
Batting: RHB Justin Bonner 0-0: Ball
1-0: Foul Ball, location: 2F
1-1: SINGLE (Groundball, 25, EV 68.1 MPH) (infield hit)
Batting: RHB Danny Gerardo 0-0: Called Strike
0-1: Ball
1-1: Ball
2-1: Ball
3-1: Foul Ball, location: 2F
3-2: Strikes out swinging
Justin Bonner is caught stealing 2nd base 2-4
Batter strikes out.
Batting: RHB Dave Vargas 0-0: Hit by Pitch
Batting: RHB Adam Burke 0-0: Ball
1-0: Foul Ball, location: 2F
1-1: Ball
2-1: Foul Ball, location: 2F
2-2: Strikes out swinging
Top of the 4th over - 0 runs, 1 hit, 0 errors, 1 left on base; Washington 6 - Chicago 7
BOTTOM OF THE 4TH
Chicago Cubs batting - Pitching for Washington Nationals : LHP Jesus Gallegos
Batting: RHB Yasuhide Kasahara 0-0: Ball
1-0: Foul Ball, location: 2F
1-1: Foul Ball, location: 2F
1-2: Ball
2-2: Ground out 2-3 (Groundball, 2R, EV 72.5 MPH)
Batting: RHB Kaeo Zirpoli 0-0: Foul Ball, location: 2F
0-1: Called Strike
0-2: Foul Ball, location: 2F
0-2: Ball
1-2: Ball
2-2: Ball
3-2: Fly out, F9 (Flyball, 9D, EV 107.5 MPH)
Batting: RHB Efrain Vargas 0-0: DOUBLE (Flyball, 78XD, EV 95.0 MPH)
Batting: RHB Josh Kalman 0-0: Ball
1-0: SINGLE (Flyball, 6D, EV 93.1 MPH)
Efrain Vargas to third
Throwing error, E8
Efrain Vargas scores
Josh Kalman to second
Batting: LHB Kevin Norton 0-0: Ball
1-0: Ball
2-0: Ball
3-0: Base on Balls
Batting: SHB Terry Tuckfard 0-0: Ball
1-0: Called Strike
1-1: Ball
2-1: Fly out, F5 (Line Drive, 56, EV 90.0 MPH)
Bottom of the 4th over - 1 run, 2 hits, 1 error, 2 left on base; Washington 6 - Chicago 8
TOP OF THE 5TH
Washington Nationals batting - Pitching for Chicago Cubs : RHP Yeong-kil Suck
Batting: LHB R.J. O'Brien 0-0: Called Strike
0-1: SOLO HOME RUN (Flyball, 89XD, EV 105.0 MPH), Distance : 406 ft
Batting: RHB John Sanders 0-0: Swinging Strike
0-1: Ball
1-1: Ball
2-1: Foul Ball, location: 2F
2-2: Fly out, F8 (Flyball, 8RD, EV 101.9 MPH)
Batting: LHB Alexis Cantu 0-0: Foul Ball, location: 2F
0-1: Foul Ball, location: 2F
0-2: Ball
1-2: Ball
2-2: Foul Ball, location: 2F
2-2: Foul Ball, location: 2F
2-2: Strikes out swinging
Batting: RHB Kanehisa Kubo 0-0: Called Strike
0-1: Called Strike
0-2: Ball
1-2: Ball
2-2: Ground out 3-1 (Groundball, 34, EV 100.6 MPH)
Top of the 5th over - 1 run, 1 hit, 0 errors, 0 left on base; Washington 7 - Chicago 8
BOTTOM OF THE 5TH
Chicago Cubs batting - Pitching for Washington Nationals : LHP Jesus Gallegos
Batting: RHB Elijah Campbell 0-0: Ball
1-0: SINGLE (Line Drive, 4MD, EV 102.5 MPH)
Batting: RHB Rich Thurman 0-0: Swinging Strike
0-1: Ball
1-1: Ball
2-1: Foul Ball, location: 2F
2-2: Ball
3-2: Grounds into double play, 6-4-3 (Groundball, 6, EV 103.1 MPH)
Batting: SHB Seung-ho Zhang 0-0: Foul Ball, location: 2F
0-1: Ball
1-1: Ball
2-1: Called Strike
2-2: Strikes out looking
Bottom of the 5th over - 0 runs, 1 hit, 0 errors, 0 left on base; Washington 7 - Chicago 8
TOP OF THE 6TH
Washington Nationals batting - Pitching for Chicago Cubs : RHP Yeong-kil Suck
Batting: RHB Nate Dickinson 0-0: Ball
1-0: Ball
2-0: Foul Ball, location: 2F
2-1: SINGLE (Groundball, 56, EV 108.1 MPH)
Pitching: RHP Tony Ramirez
Pinch Hitting: LHB Jae-ik Soung 0-0: Ball
1-0: Ball
2-0: Called Strike
2-1: Foul Ball, location: 2F
2-2: Strikes out looking
Batting: RHB Danny Gerardo 0-0: Foul Ball, location: 2F
0-1: Ground out 5-3 (Groundball, 56S, EV 75.0 MPH)
Nate Dickinson to second
Batting: LHB Pat Aviles 0-0: Ball
1-0: Ball
2-0: Foul Ball, location: 2F
2-1: Ball
3-1: 2-RUN HOME RUN (Flyball, 78XD, EV 101.9 MPH), Distance : 397 ft
Batting: RHB Adam Burke 0-0: Swinging Strike
0-1: Foul Ball, location: 2F
0-2: Ball
1-2: Ball
2-2: Fly out, F9 (Line Drive, 89S, EV 110.0 MPH)
Top of the 6th over - 2 runs, 2 hits, 0 errors, 0 left on base; Washington 9 - Chicago 8
BOTTOM OF THE 6TH
Chicago Cubs batting - Pitching for Washington Nationals : LHP Jesus Gallegos
Pitching: LHP Marquise Barretti
Now at 1B: Jae-ik Soung
Now at 2B: John Sanders
Now at 3B: Adam Burke
Batting: RHB Yasuhide Kasahara 0-0: Ball
1-0: Called Strike
1-1: Ground out 6-3 (Groundball, 56, EV 99.4 MPH)
Batting: RHB Kaeo Zirpoli 0-0: Ball
1-0: Foul Ball, location: 2F
1-1: Fly out, F9 (Flyball, 9D, EV 80.6 MPH)
Batting: RHB Efrain Vargas 0-0: Called Strike
0-1: Ball
1-1: Called Strike
1-2: Fly out, F9 (Flyball, 9, EV 80.6 MPH)
Bottom of the 6th over - 0 runs, 0 hits, 0 errors, 0 left on base; Washington 9 - Chicago 8
TOP OF THE 7TH
Washington Nationals batting - Pitching for Chicago Cubs : RHP Tony Ramirez
Pitching: LHP Brock Lewis
Batting: LHB R.J. O'Brien 0-0: SINGLE (Groundball, 34D, EV 98.8 MPH)
Batting: RHB John Sanders Pickoff Throw to First - Out! 1-3
0-0: Ball
1-0: Ball
2-0: Foul Ball, location: 2F
2-1: Foul Ball, location: 2F
2-2: DOUBLE (Line Drive, 78M, EV 96.9 MPH)
Batting: LHB Alexis Cantu 0-0: Foul Ball, location: 2F
0-1: Foul Ball, location: 2F
0-2: Ball
1-2: Ball
2-2: Ball
3-2: Base on Balls
Batting: RHB Kanehisa Kubo 0-0: Foul Ball, location: 2F
0-1: Ball
1-1: Fly out, F8 (Flyball, 89M, EV 84.4 MPH)
Batting: RHB Nate Dickinson 0-0: Ball
1-0: Foul Ball, location: 2F
1-1: Swinging Strike
1-2: Fielders Choice at 2nd, 5-4 (Groundball, 5, EV 96.2 MPH)
Top of the 7th over - 0 runs, 2 hits, 0 errors, 2 left on base; Washington 9 - Chicago 8
BOTTOM OF THE 7TH
Chicago Cubs batting - Pitching for Washington Nationals : LHP Marquise Barretti
Batting: RHB Josh Kalman 0-0: Called Strike
0-1: Called Strike
0-2: TRIPLE (Line Drive, 7LD, EV 107.5 MPH)
Pinch Hitting: SHB Tim Hone 0-0: Called Strike
0-1: Ball
1-1: Foul Ball, location: 2F
1-2: SINGLE (Groundball, 56D, EV 98.8 MPH)
Josh Kalman scores
Batting: SHB Terry Tuckfard 0-0: Called Strike
Tim Hone steals 2nd base (no throw)
0-1: Swinging Strike
0-2: Ball
1-2: Ball
2-2: Ball
3-2: Strikes out swinging
Batting: RHB Elijah Campbell 0-0: Intentional Walk
Batting: RHB Rich Thurman 0-0: Called Strike
0-1: Ball
1-1: Ball
2-1: Ball
3-1: Fly out, F7 (Flyball, 7D, EV 96.9 MPH)
Batting: SHB Seung-ho Zhang 0-0: Ball
1-0: Ground out 6-3 (Groundball, P, EV 83.1 MPH)
Bottom of the 7th over - 1 run, 2 hits, 0 errors, 2 left on base; Washington 9 - Chicago 9
TOP OF THE 8TH
Washington Nationals batting - Pitching for Chicago Cubs : LHP Brock Lewis
Pitching: RHP Eric Oakes
Now in RF: Tim Hone
Batting: LHB Jae-ik Soung 0-0: Called Strike
0-1: Ball
1-1: Foul Ball, location: 2F
1-2: Strikes out swinging
Pinch Hitting: LHB Seth Cook 0-0: Foul Ball, location: 2F
0-1: Ball
1-1: Called Strike
1-2: Ball
2-2: Foul Ball, location: 2F
2-2: Ball
3-2: Base on Balls
Batting: LHB Pat Aviles 0-0: Called Strike
Seth Cook steals 2nd base
0-1: Called Strike
0-2: Ball
1-2: Ground out 4-3 (Groundball, 4, EV 89.4 MPH)
Seth Cook to third
Batting: RHB Adam Burke 0-0: Called Strike
0-1: Ball
1-1: Ball
2-1: Ball
3-1: Base on Balls
Batting: LHB R.J. O'Brien 0-0: Foul Ball, location: 2F
0-1: Fielders Choice at 2nd, 6-4 (Groundball, 6, EV 80.0 MPH)
Top of the 8th over - 0 runs, 0 hits, 0 errors, 2 left on base; Washington 9 - Chicago 9
BOTTOM OF THE 8TH
Chicago Cubs batting - Pitching for Washington Nationals : LHP Marquise Barretti
Now at 2B: Seth Cook
Now at SS: John Sanders
Batting: RHB Yasuhide Kasahara 0-0: Ball
1-0: Called Strike
1-1: Ball
2-1: Ball
3-1: Foul Ball, location: 2F
3-2: Foul Ball, location: 2F
3-2: Fly out, F8 (Flyball, 8RXD, EV 103.1 MPH)
Batting: RHB Kaeo Zirpoli 0-0: Called Strike
0-1: Foul Ball, location: 2F
0-2: Ball
1-2: Ball
2-2: Foul Ball, location: 2F
2-2: Ball
3-2: Base on Balls
Batting: RHB Efrain Vargas 0-0: Ball
1-0: SINGLE (Line Drive, 6M, EV 100.6 MPH)
Kaeo Zirpoli to second
Pitching: RHP Travis Plesz
Batting: RHB Josh Kalman 0-0: Swinging Strike
0-1: Ball
1-1: 3-RUN HOME RUN (Flyball, 9LD, EV 105.0 MPH), Distance : 392 ft
Batting: SHB Tim Hone 0-0: Foul Ball, location: 2F
0-1: Foul Ball, location: 2F
0-2: Strikes out looking
Batting: SHB Terry Tuckfard 0-0: Ball
1-0: Called Strike
1-1: Foul Ball, location: 2F
1-2: Fly out, F7 (Flyball, 78D, EV 103.8 MPH)
Bottom of the 8th over - 3 runs, 2 hits, 0 errors, 0 left on base; Washington 9 - Chicago 12
TOP OF THE 9TH
Washington Nationals batting - Pitching for Chicago Cubs : RHP Eric Oakes
Pitching: LHP George Poirier
Batting: RHB John Sanders 0-0: Called Strike
0-1: Ball
1-1: Ball
2-1: Swinging Strike
2-2: Foul Ball, location: 2F
2-2: Strikes out looking
Pinch Hitting: RHB Dan Fallon 0-0: Ball
1-0: Fly out, F8 (Flyball, 8RXD, EV 96.9 MPH)
Batting: RHB Kanehisa Kubo 0-0: Ball
1-0: Called Strike
1-1: Ground out 5-3 (Groundball, 56, EV 102.5 MPH)
Top of the 9th over - 0 runs, 0 hits, 0 errors, 0 left on base; Washington 9 - Chicago 12
Tuesday, September 13th , 2022 - OOTP Baseball 23.7 Build 88